 Dungeon Crawl Stone Soup version 0.30-a0-782-ge64f9170bb (webtiles) character file.

Game seed: 14988204604981150222

430 Leeroy the Insei (level 6, -19/38 HPs)
             Began as an Octopode Transmuter on Feb 23, 2023.
             Demolished by Joseph
             ... wielding a +0 quarterstaff
              (21 damage)
             ... on level 7 of the Dungeon.
             The game lasted 00:02:59 (3170 turns).

Leeroy the Insei (Octopode Transmuter)              Turns: 3170, Time: 00:03:00

Health: -19/38     AC:  1    Str: 15    XL:     6   Next: 99%
Magic:  9/9        EV: 13    Int: 17    God:
Gold:   357        SH:  0    Dex: 13    Spells: 5/9 levels left

rFire   . . .      SeeInvis .    v - +10 hammer of Pride {freeze, rElec}
rCold   . . .      Faith    .    (no shield)
rNeg    . . .      Spirit   .    (helmet restricted)
rPois   .          Reflect  .    (no amulet)
rElec   +          Harm     .    c - +6 ring of strength
rCorr   .          Rampage  .    (no ring)
Will    .....                    (no ring)
Stlth   ++                       (no ring)
HPRegen 0.26/turn                (no ring)
MPRegen 0.11/turn                (no ring)
                                 (no ring)
                                 (no ring)

@: no status effects
A: almost no armour, amphibious, 8 rings, camouflage 1, gelatinous body 1,
(nimble swimmer 1), tentacles
a: no special abilities


You were on level 7 of the Dungeon.
You visited 2 branches of the dungeon, and saw 7 of its levels.

You collected 357 gold pieces.

Inventory:

Hand Weapons
 v - the +10 hammer of Pride (weapon) {freeze, rElec}
   (You found it on level 3 of the Dungeon)

   rElec:     It insulates you from electricity.
 w - a +4 quarterstaff of chaos
Missiles
 d - 8 silver boomerangs
 e - 5 atropa-tipped darts
 s - 2 curare-tipped darts
Armour
 l - an orb of mayhem
Jewellery
 c - a +6 ring of strength (left tentacle)
Wands
 x - a wand of iceblast (5)
 y - a wand of flame (17)
Scrolls
 f - 2 scrolls of silence
 j - 2 scrolls of noise
 k - a scroll of fog
 m - a scroll of magic mapping {unknown}
 n - a scroll of poison {unknown}
 q - a scroll of blinking {unknown}
 r - 2 scrolls of enchant weapon {unknown}
 t - 2 scrolls of torment {unknown}
 u - a scroll of brand weapon {unknown}
 z - a scroll of teleportation {unknown}
Potions
 a - 4 potions of lignification
 b - a potion of degeneration {unknown}
 g - a potion of might {unknown}
 h - 2 potions of mutation {unknown}
 i - a potion of curing {unknown}
 o - a potion of heal wounds {unknown}
 p - 3 potions of brilliance {unknown}


   Skills:
 - Level 1.0 Fighting
 - Level 2.0 Dodging
 + Level 7.6 Unarmed Combat
 - Level 2.0 Spellcasting
 - Level 2.0 Transmutations


You had 5 spell levels left.
You knew the following spells:

 Your Spells              Type           Power      Damage    Failure   Level
a - Beastly Appendage     Tmut           16%        N/A       9%          1
b - Spider Form           Tmut/Pois      5%         N/A       36%         3

Your spell library contained the following spells:

 Spells                   Type           Power      Damage    Failure   Level
 Wereblood                Tmut           8%         N/A       13%         2
 Passwall                 Tmut/Erth      4%         N/A       19%         2
 Ensorcelled Hibernation  Hex/Ice        2%         N/A       28%         2
 Stone Arrow              Conj/Erth      2%         3d7       50%         3
 Swiftness                Air            1%         N/A       50%         3
 Ice Form                 Ice/Tmut       5%         N/A       77%         4
 Lehudib's Crystal Spear  Conj/Erth      0%         10d2      100%        8
 Animate Armour           Summ/Erth      Unusable   N/A       N/A         4

Dungeon Overview and Level Annotations

Branches:
Dungeon (5/15)             Temple (1/1) D:4

Altars:
Cheibriados
Fedhas
Kikubaaqudgha
Makhleb
Nemelex Xobeh
Qazlal
Sif Muna
Uskayaw
Xom
Zin
The Shining One

Annotations:
D:7 Joseph


Innate Abilities, Weirdness & Mutations

You cannot wear most types of armour.
You are amphibious.
You can wear up to eight rings at the same time.
Your skin changes colour to match your surroundings (Stealth+).
Your rubbery body absorbs attacks. (AC +1, EV +1)
((You are camouflaged when in or above water. (Stealth+)))
You have tentacles for arms and can constrict up to eight enemies at once.


Message History

A centaur is nearby!
The centaur wields a +0 shortbow.
The centaur shoots an arrow.
The arrow hits you!
A sourceless malevolence fills the Dungeon...
You fall into a shaft and drop 2 floors!
The shaft crumbles and collapses.
HP restored.
Joseph, a Mercenary comes into view.
He is wielding a +0 quarterstaff.
Joseph is nearby!
Joseph is nearby!
The helpless Joseph fails to defend himself.
You thump Joseph! You freeze Joseph. Your grab misses Joseph.
Joseph is lightly wounded.
Joseph hits you with a +0 quarterstaff!
You hit Joseph. You freeze Joseph. You grab Joseph. You tentacle-slap Joseph!
Joseph is moderately wounded.
You constrict Joseph. Joseph barely misses you.
You thump Joseph! You freeze Joseph.
Joseph is heavily wounded.
You constrict Joseph. Joseph hits you with a +0 quarterstaff!
Joseph says, "You must be punished!
Or...
I want to punish you!" Joseph barely misses you.
You are too injured to fight recklessly!
You are too injured to fight recklessly!
You are too injured to fight recklessly!
You are too injured to fight recklessly!
You are too injured to fight recklessly!
You hit Joseph. You freeze Joseph.
Joseph is severely wounded.
You constrict Joseph.
Joseph shouts, "I love to fight!
I love killing!"
Joseph hits you with a +0 quarterstaff!
* * * LOW HITPOINT WARNING * * *
You sock Joseph! You freeze Joseph. You squeeze Joseph.
Joseph is almost dead.
You constrict Joseph. Joseph hits you with a +0 quarterstaff.
* * * LOW HITPOINT WARNING * * *
Joseph hits you with a +0 quarterstaff!!
Ouch! That really hurt!
You die...

###### ##
..... ..#
#... ..#
#... #.#
#..###.#
#.@....#
#.@...#
###...#
####.#
#....#
#.......#
.........#
.........#
####.###.#
... #.#


You could see Joseph.

Vanquished Creatures
  A necrophage (D:4)
  A scorpion (D:4)
  2 orc priests
  Crazy Yiuf (D:3)
  An iguana (D:4)
  An orc wizard (D:4)
  9 adders
  A worm (D:4)
  2 dart slugs
  10 orcs
  9 bats
  6 endoplasms
  A giant cockroach (D:1)
  7 goblins
  4 hobgoblins
  9 kobolds
  3 quokkas
  5 ball pythons
  2 frilled lizards
  8 rats
83 creatures vanquished.

Notes
Turn   | Place    | Note
-------+----------+-------------------------------------------
     0 | D:1      | Leeroy the Octopode Transmuter began the quest for the Orb.
     0 | D:1      | Reached XP level 1. HP: 13/13 MP: 3/3
   173 | D:1      | Reached XP level 2. HP: 9/18 MP: 5/5
   439 | D:1      | Reached skill level 4 in Unarmed Combat
   576 | D:1      | Reached XP level 3. HP: 23/23 MP: 4/6
  1121 | D:2      | Reached XP level 4. HP: 26/28 MP: 7/7
  1128 | D:2      | Learned a level 3 spell: Spider Form
  1547 | D:3      | Reached skill level 5 in Unarmed Combat
  1899 | D:3      | Found a runed translucent door.
  1900 | D:3      | Noticed Crazy Yiuf
  1909 | D:3      | Killed Crazy Yiuf
  1910 | D:3      | Reached XP level 5. HP: 22/33 MP: 6/8
  1910 | D:3      | Identified the +10 hammer of Pride {freeze, rElec}
  2057 | D:4      | Found a staircase to the Ecumenical Temple.
  2069 | D:4      | Reached skill level 6 in Unarmed Combat
  2080 | Temple   | Entered the Ecumenical Temple
  2177 | D:4      | Reached XP level 6. HP: 34/38 MP: 9/9
  2335 | D:4      | Reached skill level 7 in Unarmed Combat
  2953 | D:5      | Entered Level 5 of the Dungeon
  3122 | D:5      | You fall into a shaft and drop 2 floors!
  3162 | D:7      | Noticed Joseph
  3170 | D:7      | Demolished by Joseph

Illustrated notes

Levels and vault maps discovered:
D:1:      dpeg_arrival_chambers_temple_mockup, layout_basic, serial_glass,
          glass_columns_b, glass_columns_a, glass_columns_c, glass_columns_a,
          glass_columns_b, glass_columns_b, glass_columns_b, glass_columns_a,
          dreamdust_princess_corridor
D:2:      layout_rooms, chequers_serial_rivers_large_a
D:3:      layout_basic, uniq_crazy_yiuf_cottage
D:4:      layout_basic, minmay_temple_entry_slanted, portal_sewer_entry_b
D:5:      layout_gridville, minmay_misc_feat_tiny, minmay_tree_intersection,
          dk_rats_in_the_wall
D:7:      minmay_recursive_quarters, layout_basic, minmay_three_doors,
          uniq_joseph
Temple:   minmay_freezing_vapour_temple

Skill      XL: |  1  2  3  4  5  6 |
---------------+-------------------+-----
Unarmed Combat | 4 5 6 7 |  7.6
Fighting       | |  1.0
Dodging        | |  2.0
Spellcasting   | |  2.0
Transmutations | |  2.0

Action                     |  1- 3 |  4- 6 || total
---------------------------+-------+-------++-------
  Melee: Unarmed           |    63 |    31 ||    94
         Constrict         |    18 |    19 ||    37
         Tentacles         |    11 |    10 ||    21
         Punch             |     3 |     6 ||     9
         Kick              |     7 |     6 ||    13
         Mace              |       |    62 ||    62
   Cast: Beastly Appendage |     9 |     9 ||    18
    Use: Scroll            |       |     3 ||     3
   Stab: Sleeping          |     6 |    10 ||    16
 Armour: Skin              |     7 |     2 ||     9
  Dodge: Dodged            |    36 |    48 ||    84

Table legend: (Time is in decaauts)
 A = Elapsed time spent in this place.
 B = Non-inter-level travel time spent in this place.
 C = Inter-level travel time spent in this place.
 D = Time resting spent in this place.
 E = Time spent auto-exploring this place.
 F = Levels seen in this place.
 G = Mean time per level.
                   A        B        C        D        E       F      G
               +--------+--------+--------+--------+--------+-----+--------+
         Total |   3184 |   3091 |     93 |      0 |   2529 |   7 |  454.9 |
       Dungeon |   3119 |   3026 |     93 |      0 |   2469 |   6 |  519.8 |
        Temple |     65 |     65 |      0 |      0 |     60 |   1 |   65.0 |
               +--------+--------+--------+--------+--------+-----+--------+

Top non-repeatable levels by time:
     D:1: 906 daAuts
     D:4: 886 daAuts
     D:3: 579 daAuts
     D:2: 524 daAuts
     D:5: 173 daAuts
  Temple: 65 daAuts
     D:7: 49 daAuts
